 Dungeon Crawl Stone Soup version 0.23-a0-831-g5da158a (webtiles) character file.

3105 Lanoc the Destroyer (level 9, -6/41 (45) HPs)
             Began as a Deep Elf Conjurer on Jan 24, 2019.
             Was a Follower of Vehumet.
             Mangled by a soldier ant (10 damage)
             ... on level 8 of the Dungeon.
             The game lasted 00:26:31 (8817 turns).

Lanoc the Destroyer (Deep Elf Conjurer)             Turns: 8817, Time: 00:26:32

HP:   -6/41 (45)    AC:  3    Str:  5    XL:     9   Next: 60%
MP:   5/24          EV: 17    Int: 24    God:    Vehumet [*.....]
Gold: 420           SH:  0    Dex: 15    Spells: 8/26 levels left

rFire    . . .     SeeInvis .   G - staff of cold
rCold    + . .     Gourm    .   (no shield)
rNeg     . . .     Faith    .   a - +0 robe
rPois    .         Spirit   .   (no helmet)
rElec    .         Reflect  .   v - +0 cloak
rCorr    .         Harm     .   (no gloves)
MR       +....                  (no boots)
Stlth    ++........             (no amulet)
HPRegen  0.13/turn              m - ring of protection from magic
MPRegen  0.19/turn              C - ring of wizardry

@: lethally poisoned (-6 -> -9)
A: no striking features
a: Renounce Religion


You were on level 8 of the Dungeon.
You worshipped Vehumet.
Vehumet was aware of your devotion.
You were not hungry.

You visited 2 branches of the dungeon, and saw 9 of its levels.

You collected 420 gold pieces.

Inventory:

Armour
 a - a +0 robe (worn)
 v - a +0 cloak (worn)
Magical Staves
 G - an uncursed staff of cold (weapon)
Jewellery
 m - a ring of protection from magic (left hand)
 w - an uncursed ring of stealth
 C - a ring of wizardry (right hand)
Wands
 f - a wand of acid (6)
 o - a wand of random effects (17)
 x - a wand of disintegration (6)
 D - a wand of enslavement (10)
Scrolls
 d - 6 scrolls of teleportation
 e - a scroll of identify
 g - 2 scrolls of remove curse
 i - a scroll of enchant armour {unknown}
 l - a scroll of enchant weapon {unknown}
 p - a scroll of noise {unknown}
 q - 2 scrolls of magic mapping {unknown}
 t - 2 scrolls of immolation {unknown}
 y - a scroll of random uselessness {unknown}
 F - a scroll of holy word {unknown}
Potions
 h - a potion of heal wounds
 j - 3 potions of flight
 k - 2 potions of brilliance
 n - a potion of magic
 r - a potion of resistance
 s - 2 potions of ambrosia {unknown}
 z - a potion of berserk rage {unknown}
 A - a potion of invisibility {unknown}
 B - 2 potions of haste {unknown}
Comestibles
 b - a chunk of flesh
 c - 10 rations


   Skills:
 + Level 8.3 Dodging
 - Level 2.4 Stealth
 + Level 9.1 Spellcasting
 * Level 11.0 Conjurations
 + Level 2.4 Fire Magic


You had 8 spell levels left.
You knew the following spells:

 Your Spells              Type           Power        Failure   Level  Hunger
a - Magic Dart            Conj           ####         1%          1    None
b - Searing Ray           Conj           ######       1%          2    None
c - Force Lance           Conj/Tloc      #####...     2%          4    ##.....
d - Iskenderun's Mystic   Conj           ######..     1%          4    ##.....
e - Apportation           Tloc           ##....       2%          1    None
f - Shock                 Conj/Air       ####         1%          1    None
h - Fireball              Conj/Fire      #####.....   4%          5    ####...

Your spell library contained the following spells:

 Spells                   Type           Power        Failure   Level  Hunger
 Flame Tongue             Conj/Fire      #####        1%          1    None
 Throw Flame              Conj/Fire      #####.       1%          2    None
 Conjure Flame            Conj/Fire      #####...     1%          3    None
 Dazzling Spray           Conj/Hex       #####.       1%          3    None
 Sticky Flame             Conj/Fire      #####...     1%          4    ##.....
 Animate Skeleton         Necr           N/A          2%          1    None
 Beastly Appendage        Tmut           ##....       2%          1    None
 Confusing Touch          Hex            ##....       2%          1    None
 Summon Small Mammal      Summ           ##..         2%          1    None
 Fulminant Prism          Conj/Hex       #####.....   2%          4    ##.....
 Sticks to Snakes         Tmut           ##......     3%          2    None
 Inner Flame              Hex/Fire       ###.....     4%          3    None
 Spider Form              Tmut/Pois      ##........   7%          3    None
 Ice Form                 Ice/Tmut       ###.....     22%         4    ##.....
 Blade Hands              Tmut           ##........   52%         5    ####...


Dungeon Overview and Level Annotations

Branches:
Dungeon (8/15)             Temple (1/1) D:4            Lair (0/6) D:8

Altars:
Ashenzari
Cheibriados
Dithmenos
Elyvilon
Fedhas
Gozag
Hepliaklqana
Kikubaaqudgha
Makhleb
Nemelex Xobeh
Okawaru
Qazlal
Ru
Sif Muna
Trog
Uskayaw
Vehumet
Wu Jian
Xom
Zin
The Shining One


Message History

Press: ? - help, Shift-Dir - straight line, f/p - worker ant
Aim: a worker ant (heavily wounded)
The lance of force hits the worker ant!
You kill the worker ant!
Vehumet accepts your kill.
You feel your power returning.
* * * LOW HITPOINT WARNING * * *
You feel sick.
A soldier ant comes into view.
* * * LOW HITPOINT WARNING * * *
You feel sick. The soldier ant misses you.
You see here a worker ant corpse.
Casting: Force Lance (safe; 2% risk of failure)
Confirm with . or Enter, or press ? or * to list all spells.
Aiming: Force Lance (safe; 2% risk of failure)
Press: ? - help, Shift-Dir - straight line, f - soldier ant
Aim: a soldier ant The lance of force misses the soldier ant.
The soldier ant stings you!
You die...

#............#PP #........##
##.....####..#PP #.....|..#.#
#.....# #..#PP #........##.#
#.....####..#PP
#........#.#.##.....##..÷.##P
#....≈≈..##.#.#.....##)...###
##........# #.##.....##.)..##.
#.........###a###..........##.
#............@..#.[.....######
#..(.######.....#.......######
#......# #.....#.............
#......# #######....#........
#......##########....#........
#####................#........
#...............##.....(..
#...............##........
#....)..........########'#


You could see a soldier ant.

Vanquished Creatures
  Grinder (D:3)
  A hornet (D:8)
  Sigmund (D:3)
  2 ice beasts
  2 phantoms
  A necrophage (D:5)
  An ogre (D:4)
  4 centaurs
  A big kobold (D:4)
  9 bullfrogs
  5 wights (D:6)
  2 electric eels (D:8)
  3 crimson imps
  3 hounds
  5 orc priests
  2 iguanas
  Ijyb (D:3)
  4 worker ants
  8 adders
  5 gnolls
  6 oozes
  2 adder zombies
  5 worms
  3 dart slugs
  8 leopard geckos
  19 orcs
  11 giant cockroaches
  9 goblins
  9 hobgoblins
  9 jackals
  4 kobolds
  2 quokkas
  3 ball pythons
  11 bats
  3 frilled lizards
  A quokka skeleton (D:4)
  A quokka zombie (D:6)
  11 rats
178 creatures vanquished.

Notes
Turn   | Place    | Note
-------+----------+-------------------------------------------
     0 | D:1      | Lanoc the Deep Elf Conjurer began the quest for the Orb.
     0 | D:1      | Reached XP level 1. HP: 10/10 MP: 6/6
     1 | D:1      | Found a runed door.
   295 | D:1      | Reached XP level 2. HP: 15/15 MP: 0/8
   668 | D:1      | Learned a level 2 spell: Searing Ray
   772 | D:1      | Reached skill level 5 in Conjurations
   773 | D:1      | Reached XP level 3. HP: 14/19 MP: 2/10
  1202 | D:2      | Found a sparkling altar of Nemelex Xobeh.
  1281 | D:2      | Reached XP level 4. HP: 24/24 MP: 6/11
  2110 | D:3      | Reached XP level 5. HP: 28/28 MP: 8/13
  2111 | D:3      | Noticed Sigmund
  2355 | D:3      | Noticed a phantom
  2420 | D:2      | Killed a phantom
  2420 | D:2      | Reached skill level 6 in Conjurations
  2526 | D:3      | Learned a level 4 spell: Force Lance
  2531 | D:3      | Learned a level 4 spell: Iskenderun's Mystic Blast
  2590 | D:3      | Found a hide-covered altar of Uskayaw.
  2617 | D:3      | Noticed Grinder
  2629 | D:3      | Killed Grinder
  2629 | D:3      | Reached skill level 5 in Spellcasting
  2629 | D:3      | Reached skill level 7 in Conjurations
  2629 | D:3      | Reached XP level 6. HP: 32/32 MP: 0/16
  2825 | D:3      | Killed Sigmund
  2825 | D:3      | Reached skill level 5 in Dodging
  2825 | D:3      | Reached XP level 7. HP: 20/36 MP: 5/17
  3042 | D:3      | Noticed Ijyb
  3049 | D:3      | Killed Ijyb
  3055 | D:3      | Found a burning altar of Makhleb.
  3057 | D:3      | Found a glowing silver altar of Zin.
  3058 | D:3      | Noticed a balrug
  3058 | D:3      | Noticed an angel
  3259 | D:3      | Found a blossoming altar of Fedhas.
  3261 | D:3      | Found an ancient bone altar of Kikubaaqudgha.
  3576 | D:4      | Found a radiant altar of Vehumet.
  3638 | D:4      | Reached skill level 8 in Conjurations
  4005 | D:4      | Found a staircase to the Ecumenical Temple.
  4020 | D:4      | Reached XP level 8. HP: 33/41 MP: 10/20
  4037 | Temple   | Entered the Ecumenical Temple
  4240 | D:4      | Became a worshipper of Vehumet
  4451 | D:5      | Entered Level 5 of the Dungeon
  4511 | D:5      | Learned a level 1 spell: Apportation
  5704 | D:6      | Reached skill level 9 in Conjurations
  6230 | D:6      | Reached * piety under Vehumet
  6230 | D:6      | Offered knowledge of Shock by Vehumet.
  6230 | D:6      | Reached skill level 10 in Conjurations
  6236 | D:6      | Learned a level 1 spell: Shock
  6524 | D:6      | Reached XP level 9. HP: 41/41 MP: 18/23
  6860 | D:6      | Found a bloodstained altar of Trog.
  6861 | D:6      | Found an iron altar of Okawaru.
  7041 | D:7      | Found a shattered altar of Ashenzari.
  7216 | D:7      | Found a shadowy altar of Dithmenos.
  7217 | D:7      | Found a glowing golden altar of the Shining One.
  7225 | D:7      | Learned a level 2 spell: Throw Flame
  7841 | D:7      | Reached skill level 1 in Fire Magic
  7879 | D:7      | Learned a level 5 spell: Fireball
  8057 | D:8      | Found a staircase to the Lair.
  8058 | D:8      | Noticed a komodo dragon
  8144 | D:8      | HP: 2/41 [centaur/arrow (8)]
  8391 | D:8      | Learned a level 1 spell: Magic Dart
  8476 | D:8      | Noticed a two-headed ogre
  8808 | D:8      | Reached skill level 11 in Conjurations
  8817 | D:8      | Mangled by a soldier ant

Vault maps used:
D:1:      dpeg_arrival_caged_fury
D:2:      minmay_alternating_diamond, nemelex_xobeh_ov_fountains_minmay,
          minmay_goblin_kobold_house
D:3:      grunt_temple_overflow_order_and_chaos_2,
          grunt_temple_overflow_growth_and_decay, old_standard_altar,
          minmay_unequal, uniq_grinder, uniq_ijyb, uniq_sigmund
D:4:      old_standard_altar, minmay_temple_entry_nine_rooms, first_ration,
          minmay_misc_feat_diagonals
D:5:      minmay_door_square, kennysheep_nondescript
D:6:      grunt_temple_overflow_bloody_war, minivault_24
D:7:      lemuel_round_altar, grunt_temple_overflow_open
D:8:      lemuel_mausoleum_altar_yredelemnul, david_lair_shrubbed,
          hangedman_pestilent_swarm
Temple:   nicolae_temple_figure_zero

Skill      XL: |  1  2  3  4  5  6  7  8  9 |
---------------+----------------------------+-----
Dodging        | 3 4 5 6 7 8 |  8.3
Conjurations   | 5 7 8 10 11 | 11.0
Spellcasting   | 4 5 6 8 9 |  9.1
Fire Magic     | 2 |  2.4
Stealth        | |  2.4

Action                   |  1- 3 |  4- 6 |  7- 9 || total
-------------------------+-------+-------+-------++-------
Melee: Unarmed           |    17 |     1 |       ||    18
       Falchion          |       |       |    86 ||    86
       Staff             |       |       |    12 ||    12
       Quarterstaff      |       |       |     7 ||     7
 Cast: Magic Dart        |    36 |    69 |    92 ||   197
       Searing Ray       |     9 |    11 |    44 ||    64
       Iskenderun's Myst |       |       |     7 ||     7
       Force Lance       |       |       |     6 ||     6
       Shock             |       |       |     6 ||     6
       Fireball          |       |       |     5 ||     5
       Throw Flame       |       |       |     4 ||     4
  Use: Scroll            |       |       |    12 ||    12
 Stab: Sleeping          |     1 |       |     6 ||     7
  Eat: Chunk             |     1 |     2 |    20 ||    23
       Ration            |       |     1 |       ||     1
Armor: Robe              |     4 |       |    10 ||    14
Dodge: Dodged            |    21 |     9 |   159 ||   189
       Rpst.: Falchion   |       |       |    35 ||    35

Table legend:
 A = Non-vault XP
 B = Vault XP
 C = Vault XP percentage of total XP
 D = Non-vault monster count
 E = Vault monster count
 F = Vault count percentage of total count
                 A         B        C        D         E       F
            +---------+---------+-------+---------+---------+-------
      Total |    3462 |     974 |  22.0 |     140 |      38 |  21.3
            +---------+---------+-------+---------+---------+-------
        D:1 |      25 |      60 |  70.6 |      16 |      16 |  50.0
        D:2 |     166 |      38 |  18.6 |      18 |      10 |  35.7
        D:3 |      95 |     536 |  84.9 |      19 |       8 |  29.6
        D:4 |     522 |       0 |   0.0 |      27 |       0 |   0.0
        D:5 |     278 |       0 |   0.0 |      10 |       0 |   0.0
        D:6 |    1293 |      14 |   1.1 |      22 |       1 |   4.3
        D:7 |     608 |       0 |   0.0 |       9 |       0 |   0.0
        D:8 |     475 |     326 |  40.7 |      19 |       3 |  13.6
            +---------+---------+-------+---------+---------+-------
